TOP OF THE 1ST |
Penn State Nittany Lions batting - Pitching for Northwestern Wildcats : RHP Harry Robinson
|
Pitching: RHP Harry Robinson
|
|
Batting: RHB Kip Murphy
|
0-0: Ball 1-0: Ball 2-0: Called Strike 2-1: Foul Ball, location: 2F 2-2: SINGLE (Flyball, 8LS)
|
Batting: RHB José Rodríguez
|
0-0: Ball 1-0: Swinging Strike 1-1: Called Strike 1-2: Ball 2-2: Ball 3-2: Strikes out swinging Kip Murphy is caught stealing 2nd base Batter strikes out.
|
Batting: LHB Gary Lynn
|
0-0: Foul Ball, location: 2F 0-1: Foul Ball, location: 2F 0-2: Fly out, F8 (Flyball, 8LM)
|
Top of the 1st over - 0 run(s), 1 hit(s), 0 error(s), 0 left on base; Penn State 0 - Northwestern 0 |
BOTTOM OF THE 1ST |
Northwestern Wildcats batting - Pitching for Penn State Nittany Lions : RHP John Parks
|
Pitching: RHP John Parks
|
|
Batting: RHB Brandon Sharp
|
0-0: SINGLE (Groundball, 4) (infield hit)
|
Batting: LHB Reynaldo Garza
|
0-0: Ball 1-0: Called Strike 1-1: Ball 2-1: Ground out 4-3 (Groundball, 4S) Brandon Sharp to second
|
Batting: RHB Jim Martin
|
0-0: DOUBLE (Flyball, 78M) Brandon Sharp scores
|
Batting: RHB Lynn Johnson
|
0-0: Ball 1-0: Called Strike 1-1: Foul Ball, location: 2F 1-2: SINGLE (Groundball, 6D) Jim Martin to third
|
Batting: RHB Vicente Rosales
|
0-0: Called Strike 0-1: Ground out U3 (Groundball, 34S) Jim Martin scores Lynn Johnson to second
|
Batting: RHB Brian Martínez
|
0-0: Ball 1-0: Called Strike 1-1: Ball 2-1: Ball 3-1: Foul Ball, location: 2F 3-2: Base on Balls
|
Batting: RHB Jared Chávez
|
0-0: Ball 1-0: Ball 2-0: Ball 3-0: Base on Balls Lynn Johnson to third Brian Martínez to second
|
Batting: RHB Steve Collier
|
0-0: Fielders Choice at 2nd, 4-6 (Groundball, 4)
|
Bottom of the 1st over - 2 run(s), 3 hit(s), 0 error(s), 2 left on base; Penn State 0 - Northwestern 2 |
TOP OF THE 2ND |
Penn State Nittany Lions batting - Pitching for Northwestern Wildcats : RHP Harry Robinson
|
Batting: RHB Larry Crawford
|
0-0: Ground out 4-3 (Groundball, 4S)
|
Batting: LHB Bill Green
|
0-0: Ball 1-0: Fly out, F6 (Line Drive, 6)
|
Batting: RHB Ron Hale
|
0-0: Called Strike 0-1: Called Strike 0-2: Strikes out looking
|
Top of the 2nd over - 0 run(s), 0 hit(s), 0 error(s), 0 left on base; Penn State 0 - Northwestern 2 |
BOTTOM OF THE 2ND |
Northwestern Wildcats batting - Pitching for Penn State Nittany Lions : RHP John Parks
|
Batting: RHB Alejandro Amador
|
0-0: Ball 1-0: Ball 2-0: Called Strike 2-1: Foul Ball, location: 2F 2-2: Foul Ball, location: 2F 2-2: SINGLE (Flyball, 7S)
|
Batting: RHB Brandon Sharp
|
0-0: SINGLE (Line Drive, 6MD) Alejandro Amador to second
|
Batting: LHB Reynaldo Garza
|
0-0: Ball 1-0: Ball 2-0: Called Strike 2-1: Ball 3-1: Base on Balls Alejandro Amador to third Brandon Sharp to second
|
Batting: RHB Jim Martin
|
0-0: Ball 1-0: Ball 2-0: Ball 3-0: Called Strike 3-1: DOUBLE (Line Drive, 7LM) Alejandro Amador scores Brandon Sharp scores Reynaldo Garza to third
|
Batting: RHB Lynn Johnson
|
0-0: Foul Ball, location: 2F 0-1: Ball 1-1: Ball 2-1: Called Strike 2-2: Strikes out swinging
|
Batting: RHB Vicente Rosales
|
0-0: Foul Ball, location: 2F 0-1: Ball 1-1: Ball 2-1: Ball 3-1: SINGLE (Groundball, 56) (infield hit) Reynaldo Garza scores Jim Martin to third
|
Batting: RHB Brian Martínez
|
0-0: Swinging Strike 0-1: Ball 1-1: Fly out, F6 (Popup, 6)
|
Batting: RHB Jared Chávez
|
0-0: Ball 1-0: DOUBLE (Flyball, 78M) Jim Martin scores Vicente Rosales to third Runner from 3rd tries for Home, SAFE, no throw
|
Pitching: RHP Hugh Hale
|
|
Batting: RHB Steve Collier
|
0-0: Foul Ball, location: 2F 0-1: Called Strike 0-2: Ball 1-2: Ground out 6-3 (Groundball, 6)
|
Bottom of the 2nd over - 5 run(s), 5 hit(s), 0 error(s), 1 left on base; Penn State 0 - Northwestern 7 |
TOP OF THE 3RD |
Penn State Nittany Lions batting - Pitching for Northwestern Wildcats : RHP Harry Robinson
|
Batting: LHB James Macías
|
0-0: Ball 1-0: Called Strike 1-1: Ball 2-1: Foul Ball, location: 2F 2-2: Foul Ball, location: 2F 2-2: Foul Ball, location: 2F 2-2: Strikes out swinging
|
Batting: RHB Mike Caldwell
|
0-0: Called Strike 0-1: Ball 1-1: Foul Ball, location: 2F 1-2: Fly out, F9 (Flyball, 9)
|
Batting: LHB Ángel Santos
|
0-0: Called Strike 0-1: Ball 1-1: Foul Ball, location: 2F 1-2: Ball 2-2: Strikes out looking
|
Top of the 3rd over - 0 run(s), 0 hit(s), 0 error(s), 0 left on base; Penn State 0 - Northwestern 7 |
BOTTOM OF THE 3RD |
Northwestern Wildcats batting - Pitching for Penn State Nittany Lions : RHP Hugh Hale
|
Batting: RHB Alejandro Amador
|
0-0: Ball 1-0: Foul Ball, location: 2F 1-1: Foul Ball, location: 2F 1-2: Strikes out swinging
|
Batting: RHB Brandon Sharp
|
0-0: Swinging Strike 0-1: Ball 1-1: SINGLE (Line Drive, 7S)
|
Batting: LHB Reynaldo Garza
|
0-0: Ball 1-0: Called Strike 1-1: Ball 2-1: Ball 3-1: Base on Balls Brandon Sharp to second
|
Batting: RHB Jim Martin
|
0-0: Ball 1-0: Foul Ball, location: 2F 1-1: Ball 2-1: Ground out 6-3 (Groundball, 6S) Brandon Sharp to third Reynaldo Garza to second
|
Batting: RHB Lynn Johnson
|
0-0: Called Strike 0-1: Ball 1-1: Called Strike 1-2: Strikes out swinging
|
Bottom of the 3rd over - 0 run(s), 1 hit(s), 0 error(s), 2 left on base; Penn State 0 - Northwestern 7 |
TOP OF THE 4TH |
Penn State Nittany Lions batting - Pitching for Northwestern Wildcats : RHP Harry Robinson
|
Batting: RHB Kip Murphy
|
0-0: Ball 1-0: Ball 2-0: Ball 3-0: Called Strike 3-1: Base on Balls
|
Batting: RHB José Rodríguez
|
0-0: Ball 1-0: Ball 2-0: Ball 3-0: Called Strike 3-1: Foul Ball, location: 2F 3-2: Foul Ball, location: 2F 3-2: SINGLE (Line Drive, 3D) Kip Murphy to second
|
Batting: LHB Gary Lynn
|
0-0: Foul Ball, location: 2F 0-1: Swinging Strike 0-2: Foul Ball, location: 2F 0-2: Ball 1-2: Strikes out swinging
|
Batting: RHB Larry Crawford
|
0-0: Called Strike 0-1: Called Strike 0-2: Strikes out swinging
|
Batting: LHB Bill Green
|
0-0: DOUBLE (Groundball, 5L) Kip Murphy scores José Rodríguez to third
|
Batting: RHB Ron Hale
|
0-0: Ball 1-0: Called Strike 1-1: Called Strike 1-2: Foul Ball, location: 2F 1-2: Strikes out swinging
|
Top of the 4th over - 1 run(s), 2 hit(s), 0 error(s), 2 left on base; Penn State 1 - Northwestern 7 |
BOTTOM OF THE 4TH |
Northwestern Wildcats batting - Pitching for Penn State Nittany Lions : RHP Hugh Hale
|
Batting: RHB Vicente Rosales
|
0-0: Called Strike 0-1: Swinging Strike 0-2: Ball 1-2: Strikes out looking
|
Batting: RHB Brian Martínez
|
0-0: Ball 1-0: Fly out, F3 (Popup, 3S)
|
Batting: RHB Jared Chávez
|
0-0: Ball 1-0: Ground out 5-3 (Groundball, 56S)
|
Bottom of the 4th over - 0 run(s), 0 hit(s), 0 error(s), 0 left on base; Penn State 1 - Northwestern 7 |
TOP OF THE 5TH |
Penn State Nittany Lions batting - Pitching for Northwestern Wildcats : RHP Harry Robinson
|
Batting: LHB James Macías
|
0-0: Ground out U3 (Groundball, 3S)
|
Batting: RHB Mike Caldwell
|
0-0: Ball 1-0: Called Strike 1-1: SINGLE (Line Drive, 4M)
|
Batting: LHB Ángel Santos
|
0-0: Ball 1-0: Ball 2-0: Ball 3-0: Called Strike 3-1: Foul Ball, location: 2F 3-2: Strikes out swinging
|
Batting: RHB Kip Murphy
|
0-0: Ball 1-0: Called Strike 1-1: Ball 2-1: Foul Ball, location: 2F 2-2: Ball 3-2: Foul Ball, location: 2F 3-2: Base on Balls Mike Caldwell to second
|
Batting: RHB José Rodríguez
|
0-0: Called Strike 0-1: Foul Ball, location: 2F 0-2: Ball 1-2: SINGLE (Groundball, 4D) Mike Caldwell to third Kip Murphy to second Runner from 3rd tries for Home, SAFE, no throw
|
Pitching: RHP Bryan Caraballo
|
|
Batting: LHB Gary Lynn
|
0-0: Ball 1-0: Ball 2-0: Ball 3-0: Called Strike 3-1: Base on Balls Kip Murphy to third José Rodríguez to second
|
Batting: RHB Larry Crawford
|
0-0: Called Strike 0-1: Swinging Strike 0-2: Strikes out swinging
|
Top of the 5th over - 1 run(s), 2 hit(s), 0 error(s), 3 left on base; Penn State 2 - Northwestern 7 |
BOTTOM OF THE 5TH |
Northwestern Wildcats batting - Pitching for Penn State Nittany Lions : RHP Hugh Hale
|
Batting: RHB Steve Collier
|
0-0: Foul Ball, location: 2F 0-1: Foul Ball, location: 2F 0-2: Strikes out swinging
|
Batting: RHB Alejandro Amador
|
0-0: Ball 1-0: Ball 2-0: Ball 3-0: Base on Balls
|
Batting: RHB Brandon Sharp
|
0-0: Fielders Choice at 2nd, 6-4 (Groundball, 6)
|
Batting: LHB Reynaldo Garza
|
0-0: Ball 1-0: 2-RUN HOME RUN (Line Drive, 89XD), Distance : 394 ft
|
Batting: RHB Jim Martin
|
0-0: Ball 1-0: Ball 2-0: Called Strike 2-1: Foul Ball, location: 2F 2-2: Foul Ball, location: 2F 2-2: Foul Ball, location: 2F 2-2: Ball 3-2: Base on Balls
|
Batting: RHB Lynn Johnson
|
0-0: Ball 1-0: Ball 2-0: Ball 3-0: Called Strike 3-1: Fly out, F8 (Line Drive, 8LS)
|
Bottom of the 5th over - 2 run(s), 1 hit(s), 0 error(s), 1 left on base; Penn State 2 - Northwestern 9 |
TOP OF THE 6TH |
Penn State Nittany Lions batting - Pitching for Northwestern Wildcats : RHP Bryan Caraballo
|
Batting: LHB Bill Green
|
0-0: Called Strike 0-1: Ball 1-1: Ground out 1-3 (Groundball, P)
|
Batting: RHB Ron Hale
|
0-0: Ball 1-0: Ball 2-0: SINGLE (Groundball, 6MD)
|
Batting: LHB James Macías
|
0-0: Foul Ball, location: 2F 0-1: Foul Ball, location: 2F 0-2: Strikes out swinging
|
Batting: RHB Mike Caldwell
|
0-0: Called Strike 0-1: Called Strike 0-2: Strikes out swinging
|
Top of the 6th over - 0 run(s), 1 hit(s), 0 error(s), 1 left on base; Penn State 2 - Northwestern 9 |
BOTTOM OF THE 6TH |
Northwestern Wildcats batting - Pitching for Penn State Nittany Lions : RHP Hugh Hale
|
Pitching: LHP Ryan Roach
|
|
Batting: RHB Vicente Rosales
|
0-0: Ball 1-0: Swinging Strike 1-1: Ball 2-1: Fly out, F4 (Popup, 4D)
|
Batting: RHB Brian Martínez
|
0-0: SINGLE (Groundball, 3S) (infield hit)
|
Batting: RHB Jared Chávez
|
0-0: Called Strike 0-1: Ball 1-1: Foul Ball, location: 2F 1-2: Strikes out swinging
|
Batting: RHB Steve Collier
|
0-0: Ball 1-0: 2-RUN HOME RUN (Line Drive, 7D), Distance : 346 ft
|
Batting: RHB Alejandro Amador
|
0-0: Ball 1-0: Foul Ball, location: 2F 1-1: Foul Ball, location: 2F 1-2: Foul Ball, location: 2F 1-2: Foul Ball, location: 2F 1-2: SINGLE (Groundball, 34D)
|
Batting: RHB Brandon Sharp
|
0-0: Called Strike 0-1: Fly out, F9 (Flyball, 9S)
|
Bottom of the 6th over - 2 run(s), 3 hit(s), 0 error(s), 1 left on base; Penn State 2 - Northwestern 11 |
TOP OF THE 7TH |
Penn State Nittany Lions batting - Pitching for Northwestern Wildcats : RHP Bryan Caraballo
|
Batting: LHB Ángel Santos
|
0-0: Called Strike 0-1: Ball 1-1: Fly out, F7 (Flyball, 7)
|
Batting: RHB Kip Murphy
|
0-0: Called Strike 0-1: Ball 1-1: Swinging Strike 1-2: Ball 2-2: Ball 3-2: Base on Balls
|
Batting: RHB José Rodríguez
|
0-0: Called Strike 0-1: Ball Wild Pitch! Kip Murphy to second 1-1: Foul Ball, location: 2F 1-2: Foul Ball, location: 2F 1-2: Ball 2-2: Hit by Pitch
|
Batting: LHB Gary Lynn
|
0-0: Ball 1-0: Called Strike Throwing error on steal attempt, E2 Kip Murphy scores José Rodríguez to third 1-1: Foul Ball, location: 2F 1-2: Ball 2-2: Ball 3-2: Foul Ball, location: 2F 3-2: Foul Ball, location: 2F 3-2: Foul Ball, location: 2F 3-2: Foul Ball, location: 2F 3-2: Ground out 4-3 (Groundball, 4) José Rodríguez scores
|
Batting: RHB Larry Crawford
|
0-0: Ball 1-0: Called Strike 1-1: Foul Ball, location: 2F 1-2: Foul Ball, location: 2F 1-2: Foul Ball, location: 2F 1-2: Ball 2-2: Ball 3-2: Base on Balls
|
Batting: LHB Bill Green
|
0-0: Ball 1-0: Ball 2-0: Called Strike 2-1: Ball 3-1: Reached on error, E6 (Groundball, 6) Larry Crawford to second
|
Batting: RHB Ron Hale
|
0-0: Ball 1-0: Ball 2-0: Swinging Strike 2-1: Called Strike 2-2: Strikes out swinging
|
Top of the 7th over - 2 run(s), 0 hit(s), 2 error(s), 2 left on base; Penn State 4 - Northwestern 11 |
BOTTOM OF THE 7TH |
Northwestern Wildcats batting - Pitching for Penn State Nittany Lions : LHP Ryan Roach
|
Batting: LHB Reynaldo Garza
|
0-0: Ball 1-0: Ground out 4-3 (Groundball, 4M)
|
Batting: RHB Jim Martin
|
0-0: Foul Ball, location: 2F 0-1: Ball 1-1: Ball 2-1: SINGLE (Groundball, 4D)
|
Batting: RHB Lynn Johnson
|
0-0: Ball 1-0: Fielders Choice at 2nd, 6-4 (Groundball, 6)
|
Batting: RHB Vicente Rosales
|
0-0: Foul Ball, location: 2F 0-1: Called Strike 0-2: Ball 1-2: Ball Lynn Johnson is caught stealing 2nd base
|
Bottom of the 7th over - 0 run(s), 1 hit(s), 0 error(s), 0 left on base; Penn State 4 - Northwestern 11 |
TOP OF THE 8TH |
Penn State Nittany Lions batting - Pitching for Northwestern Wildcats : RHP Bryan Caraballo
|
Pitching: LHP David Hartley
|
|
Now at SS: Aaron Stevens
|
|
Batting: LHB James Macías
|
0-0: Called Strike 0-1: Swinging Strike 0-2: Strikes out looking
|
Batting: RHB Mike Caldwell
|
0-0: Ball 1-0: SOLO HOME RUN (Flyball, 7D), Distance : 348 ft
|
Batting: LHB Ángel Santos
|
0-0: Called Strike 0-1: Ball 1-1: Fly out, F9 (Flyball, 89M)
|
Batting: RHB Kip Murphy
|
0-0: Called Strike 0-1: Swinging Strike 0-2: Strikes out swinging
|
Top of the 8th over - 1 run(s), 1 hit(s), 0 error(s), 0 left on base; Penn State 5 - Northwestern 11 |
BOTTOM OF THE 8TH |
Northwestern Wildcats batting - Pitching for Penn State Nittany Lions : LHP Ryan Roach
|
Batting: RHB Vicente Rosales
|
0-0: Called Strike 0-1: Swinging Strike 0-2: Strikes out swinging
|
Batting: RHB Brian Martínez
|
0-0: Ball 1-0: SINGLE (Flyball, 7LM)
|
Batting: RHB Jared Chávez
|
0-0: Called Strike 0-1: Ball 1-1: Ball 2-1: Foul Ball, location: 2F 2-2: Strikes out swinging
|
Batting: RHB Steve Collier
|
0-0: Called Strike 0-1: Swinging Strike 0-2: SINGLE (Flyball, 9S) Brian Martínez to second Runner from 2nd tries for 3rd, SAFE, no throw
|
Batting: RHB Alejandro Amador
|
0-0: Ball 1-0: Called Strike 1-1: Foul Ball, location: 2F 1-2: Foul Ball, location: 2F 1-2: Fielders Choice at 2nd, 5-4 (Groundball, 5)
|
Bottom of the 8th over - 0 run(s), 2 hit(s), 0 error(s), 1 left on base; Penn State 5 - Northwestern 11 |
TOP OF THE 9TH |
Penn State Nittany Lions batting - Pitching for Northwestern Wildcats : LHP David Hartley
|
Now in LF: Jeff Fuller
|
|
Batting: RHB José Rodríguez
|
0-0: Ball 1-0: Ball 2-0: Called Strike 2-1: Ball 3-1: Base on Balls
|
Batting: LHB Gary Lynn
|
0-0: SINGLE (Groundball, 5D) José Rodríguez to second
|
Batting: RHB Larry Crawford
|
0-0: Swinging Strike 0-1: Swinging Strike 0-2: Ball 1-2: Strikes out swinging
|
Batting: LHB Bill Green
|
0-0: Called Strike 0-1: Ball 1-1: Fielders Choice at 2nd, 3-6 (Groundball, 34) José Rodríguez to third
|
Batting: RHB Ron Hale
|
0-0: Ball 1-0: Ball 2-0: Ball 3-0: Called Strike 3-1: Fly out, F8 (Flyball, 89M)
|
Top of the 9th over - 0 run(s), 1 hit(s), 0 error(s), 2 left on base; Penn State 5 - Northwestern 11 |
|